 Dungeon Crawl Stone Soup version 0.30.0-2-g1aa4bd4387 (webtiles) character file.

Game seed: 16065624538736385803

37 Cruella the Magician (level 3, -2/25 HPs)
             Began as a Djinni Venom Mage on May 7, 2023.
             Slain by Terence
             ... wielding a +2 heavy flail
              (10 damage)
             ... on level 3 of the Dungeon.
             The game lasted 00:07:29 (1353 turns).

Cruella the Magician (Djinni Venom Mage)            Turns: 1353, Time: 00:07:29

Health: -2/25      AC:  2    Str:  7    XL:     3   Next: 60%
Gold:   148        EV: 12    Int: 18    God:
                   SH:  0    Dex: 13

rFire   + + .        f - +1 dagger (venom)
rCold   x . .        (no shield)
rNeg    . . .        a - +0 robe
rPois   ∞            (no helmet)
rElec   .            (no cloak)
rCorr   .            (no gloves)
SInv    .            (boots unavailable)
Will    +....        (no amulet)
Stlth   ++           n - ring of willpower
HPRegen 0.24/turn    (no ring)
MPRegen 0.00/turn

%: infuse magic (-3 HP)
@: flying
A: sickness immunity, fire resistance 2, cold vulnerability 1, float, innate
caster, HP casting, extra vitality 1
a: no special abilities


You were on level 3 of the Dungeon.
You visited 1 branch of the dungeon, and saw 3 of its levels.

You collected 148 gold pieces.

Inventory:

Hand Weapons
 b - a +0 dagger
 c - a +1 mace of protection
 f - a +1 dagger of venom (weapon)
 g - a +0 quarterstaff
 h - a +0 war axe
Missiles
 k - 6 atropa-tipped darts (quivered)
 l - 2 poisoned darts
Armour
 a - a +0 robe (worn)
 d - an orb of wrath
Jewellery
 n - a ring of willpower (left hand)
Scrolls
 i - a scroll of vulnerability {unknown}
 p - a scroll of identify {unknown}
Potions
 e - a potion of attraction
 j - a potion of resistance
 m - a potion of cancellation {unknown}
 o - a potion of haste {unknown}
 q - a potion of brilliance {unknown}


   Skills:
 + Level 0.2 Fighting
 - Level 2.1 Dodging
 - Level 1.5 Stealth
 - Level 3.4 Spellcasting


You knew the following spells:

 Your Spells              Type           Power      Damage    Failure   Level
a - Sting                 Tmut/Pois      60%        1d6       3%          1
b - Poisonous Vapours     Pois/Air       30%        N/A       6%          2
c - Mephitic Cloud        Conj/Pois/Air  15%        N/A       12%         3
d - Olgreb's Toxic Radia  Pois           15%        N/A       36%         4
e - Foxfire               Conj/Fire      60%        2x1d7     3%          1
Your spell library was empty.

Dungeon Overview and Level Annotations

Branches:
Dungeon (3/15)

Altars:

Annotations:
D:3 Terence


Innate Abilities, Weirdness & Mutations

You are immune to sickness and miasma.
You are immune to poison.
Your flesh is very heat resistant. (rF++)
You are vulnerable to cold. (rC-)
You float through the air rather than walking.
You learn spells naturally, not from books.
Your magical power is your life essence.
You have superior vitality. (+4 MHP)


Message History

You kill the endoplasm!
You now have 148 gold pieces (gained 9).
Found a stone staircase leading down.
There is a stone staircase leading down here.
There is a stone staircase leading down here.
You fly downwards.
There is a stone staircase leading up here.
Found 9 stones.
There is a stone staircase leading down here.
You fly downwards.
You hear the sound of rushing water.
There is an entrance to a sewer on this level.
Hurry and find it before the portal rusts away!
There is a stone staircase leading up here.
You reach down and open the door.
There is an open door here.
A kobold comes into view. It is wielding a +0 whip.
The kobold shouts!
You barely miss the kobold. The kobold hits you but does no damage.
You hit the kobold.
You kill the kobold!
Things that are here:
a +0 whip; a kobold corpse You reach down and open the door.
There is an open door here.
You hear the slow rusting of a distant drain.
Found a robe.
Terence the Incautious comes into view.
He is wielding a +2 heavy flail.
Terence shouts!
Found a scroll labelled KISAAD REYWKIU.
Terence hits you with a +2 heavy flail.
You hit Terence.
Terence is lightly wounded.
You hit Terence but do no damage.
Terence is poisoned.
Terence is lightly wounded.
Terence hits you with a +2 heavy flail!
Ouch! That really hurt!
You closely miss Terence.
Terence is lightly wounded.
Terence hits you with a +2 heavy flail!
You die...

### ?.# #.# #.# #.# #@# #@#
##.## ##+## #...# ##...##
##..# #.....## ######.##
.......## #.......#
........####...#...#######.
........+ .................
....)...# ##...#.#.#######.


You could see Terence (very poisoned).

Vanquished Creatures
  4 endoplasms
  2 giant cockroaches (D:2)
  2 goblins (D:1)
  5 hobgoblins
  3 jackals (D:2)
  6 kobolds
  2 quokkas
  3 ball pythons
  A bat (D:2)
  3 rats
31 creatures vanquished.

Notes
Turn   | Place    | Note
-------+----------+-------------------------------------------
     0 | D:1      | Cruella the Djinni Venom Mage began the quest for the Orb.
     0 | D:1      | Cruella set off with the following spells memorised: Sting,
                  | Poisonous Vapours, Mephitic Cloud, Olgreb's Toxic Radiance.
     0 | D:1      | Reached XP level 1. HP: 15/15 MP: 0/0
   147 | D:1      | Reached XP level 2. HP: 14/21 MP: 0/0
   349 | D:2      | Reached skill level 3 in Spellcasting
   461 | D:2      | Reached XP level 3. HP: 11/25 MP: 0/0
   461 | D:2      | Learned a level 1 spell: Foxfire
  1347 | D:3      | Noticed Terence
  1353 | D:3      | Slain by Terence

Illustrated notes

Levels and vault maps discovered:
D:1:      tarquinn_simple_flora_water_a, layout_loops_ring, minmay_tripent
D:2:      layout_rooms
D:3:      layout_loops_corners, shapermc_ecumenical_altar_totnotflames,
          gup_sewer_entry_spiral, uniq_terence

Skill      XL: |  1  2 |
---------------+-------+-----
Spellcasting   | 3 |  3.4
Fighting       | |  0.2
Dodging        | |  2.1
Stealth        | |  1.5

Action                     || total
---------------------------++-------
  Melee: Dagger            ||    76
         Unarmed           ||    11
         Punch             ||     2
   Cast: Sting             ||     8
         Poisonous Vapours ||     1
    Use: Potion            ||     4
   Stab: Sleeping          ||     5
 Armour: Robe              ||    13
  Dodge: Dodged            ||    68
